 Dungeon Crawl Stone Soup version 0.31-a0-1405-g2bb1a01664 (webtiles) character file.

Game seed: 15534844850239083219

274528 Aldia the Warrior (level 19, -9/170 (183) HPs)
             Began as a Pale Draconian Shapeshifter on Dec 24, 2023.
             Was an Initiate of Gozag.
             Killed by divine providence
             ... invoked by Saint Roka
              (12 damage)
             ... on level 2 of the Vaults on Dec 25, 2023.
             The game lasted 01:40:03 (35608 turns).

Aldia the Warrior (Pale Draconian Shapeshifter)    Turns: 35608, Time: 01:40:05

HP:   -9/170 (183)  AC: 26    Str: 16 (17) XL:     19   Next: 53%
MP:   20/20         EV: 26    Int:  6      God:    Gozag
Gold: 6931          SH: 16    Dex: 19      Spells: 13/20 levels left

rFire   + + .        V - +12 lance "Wyrmbane" {slay drac, rPois rF+ rC+ AC+3}
rCold   + + .        S - +3 kite shield {AC+3}
rNeg    . . .        (body armour unavailable)
rPois   +            R - +1 hat "Qeh Soxo" {rPois rC+ Will++ Str-4}
rElec   .            h - +2 cloak
rCorr   +            p - +1 pair of gloves
SInv    +            m - +3 pair of boots of the Dungeon {rF+ Int-5 Stlth+}
Will    +++..        H - amulet of regeneration
Stlth   ++++         M - ring of resist corrosion
HPRegen 1.28/turn    K - ring of Sojatad {EV+5 Dex+5 SInv Stlth+}
MPRegen 0.17/turn

%: no passive effects
@: maw-form, gold aura, drained
A: devouring maw, breathe steam, AC +10, unfitting armour, cold-blooded, steam
resistance
}: 2/15 runes: decaying, serpentine
a: Breathe Steam, Begin Untransformation, Renounce Religion, Potion Petition,
Call Merchant, Bribe Branch


You were on level 2 of the Vaults.
You worshipped Gozag.
Gozag was greatly pleased with you.
You were a creature with a mouth for a stomach.
You visited 7 branches of the dungeon, and saw 33 of its levels.
You also visited: Gauntlet and Desolation.

You collected 13542 gold pieces.
You spent 2507 gold pieces at shops.
You paid 4104 gold pieces to Gozag.

Inventory:

Hand Weapons
 V - the +12 lance "Wyrmbane" (weapon) {slay drac, rPois rF+ rC+ AC+3}
   (You bought it in a shop on level 2 of the Orcish Mines)

   AC+3:      It affects your AC (+3).
   rF+:       It protects you from fire.
   rC+:       It protects you from cold.
   rPois:     It protects you from poison
Armour
 h - a +2 cloak (worn)
 m - the +3 pair of boots of the Dungeon (worn) {rF+ Int-5 Stlth+}
   (You acquired it on level 14 of the Dungeon)

   Int-5:     It affects your intelligence (-5).
   rF+:       It protects you from fire.
   Stlth+:    It makes you more stealthy.
 p - a +1 pair of gloves (worn)
 I - the +1 pair of boots of Dogma {*Slow rElec Str+7}
   (You bought it in a shop on level 4 of the Snake Pit)

   Str+7:     It affects your strength (+7).
   rElec:     It insulates you from electricity.
   *Slow:     It may slow you when you take damage.
 R - the +1 hat "Qeh Soxo" (worn) {rPois rC+ Will++ Str-4}
   (You found it in a Gauntlet)

   Str-4:     It affects your strength (-4).
   rC+:       It protects you from cold.
   rPois:     It protects you from poison Will++: It greatly increases your
   willpower.
 S - a +3 kite shield of protection (worn)
Jewellery
 o - the ring "Suqevih" {Fly Int+2}
   (You took it off an imperial myrmidon on level 2 of the Vaults)

   [ring of flight]

   Int+2:     It affects your intelligence (+2).
   Fly:       It grants you flight.
 v - a +5 ring of evasion
 x - the ring "Haowih" {*Corrode rPois MP+9 EV+5 Str+2}
   (You found it on level 5 of the Lair of Beasts)

   [ring of evasion]

   EV+5:      It affects your evasion (+5).
   Str+2:     It affects your strength (+2).
   rPois:     It protects you from poison MP+9: It affects your magic capacity
   (+9).
   *Corrode:  It may corrode you when you take damage.
 H - an amulet of regeneration (around neck)
 K - the ring of Sojatad (right hand) {EV+5 Dex+5 SInv Stlth+}
   (You bought it in a shop on level 2 of the Orcish Mines)

   [ring of evasion]

   EV+5:      It affects your evasion (+5).
   Dex+5:     It affects your dexterity (+5).
   SInv:      It lets you see invisible.
   Stlth+:    It makes you more stealthy.
 M - a ring of resist corrosion (left hand)
 N - a +4 ring of slaying
 P - a +6 ring of strength
 T - a ring of flight
 Y - a ring of positive energy
Talismans
 D - a maw talisman (active)
Wands
 b - a wand of digging (7)
 k - a wand of polymorph (37)
 s - a wand of light (11)
 w - a wand of paralysis (37)
 C - a wand of mindburst (13)
 E - a wand of flame (45)
 G - a wand of iceblast (30)
Scrolls
 d - a scroll of enchant armour
 e - a scroll of torment
 i - a scroll of revelation
 q - 2 scrolls of fog
 r - 2 scrolls of blinking
 y - 2 scrolls of amnesia
 J - 11 scrolls of identify
 L - 3 scrolls of vulnerability
 O - 2 scrolls of silence
 Q - a scroll of poison
 X - 2 scrolls of fear
 Z - 5 scrolls of immolation
Potions
 a - a potion of enlightenment
 c - 4 potions of cancellation
 f - 5 potions of curing
 g - 8 potions of brilliance
 j - a potion of invisibility
 l - 2 potions of heal wounds
 n - 6 potions of might
 t - 5 potions of haste
 u - 8 potions of mutation
 z - 2 potions of berserk rage
 A - 5 potions of lignification
 B - 2 potions of resistance
 F - 3 potions of magic
 U - a potion of attraction


   Skills:
 + Level 19.4 Fighting
 - Level 12.0 Polearms
 - Level 14.0 Dodging
 * Level 13.2 Shields
 - Level 16.0 Unarmed Combat
 - Level 1.0 Spellcasting
 - Level 5.0 Translocations
 - Level 8.0 Evocations
 - Level 12.0 Shapeshifting


You had 13 spell levels left.
You knew the following spells:

 Your Spells              Type           Power      Damage    Failure   Level
a - Blink                 Tloc           12%        N/A       16%         2
b - Apportation           Tloc           12%        N/A       11%         1
c - Passage of Golubria   Tloc           6%         N/A       71%         4

Your spell library contained the following spells:

 Spells                   Type           Power      Damage    Failure   Level
 Lesser Beckoning         Tloc           12%        N/A       16%         2
 Teleport Other           Tloc           6%         N/A       32%         3
 Momentum Strike          Conj/Tloc      6%         3d8       41%         2
 Magic Dart               Conj           0%         1d3       63%         1
 Necrotise                Necr           0%         1d4       63%         1
 Slow                     Hex            0%         N/A       63%         1
 Sting                    Conj/Alch      0%         1d3       63%         1
 Summon Small Mammal      Summ           0%         N/A       63%         1
 Call Imp                 Summ           0%         N/A       77%         2
 Jinxbite                 Hex            0%         N/A       77%         2
 Passwall                 Alch/Erth      0%         N/A       77%         2
 Scorch                   Fire           0%         2d5       77%         2
 Static Discharge         Conj/Air       0%         3-3/arc   77%         2
 Confusing Touch          Hex            0%         N/A       94%         3
 Inner Flame              Hex/Fire       0%         N/A       94%         3
 Sigil of Binding         Hex            0%         N/A       94%         3
 Stone Arrow              Conj/Erth      0%         3d7       94%         3
 Vampiric Draining        Necr           0%         2d6       94%         3
 Iskenderun's Mystic Bla  Conj/Tloc      3%         2d3       96%         4
 Airstrike                Air            0%         2d(0-16)  100%        4
 Brom's Barrelling Bould  Conj/Erth      0%         2d3       100%        4
 Flame Wave               Conj/Fire      0%         2d4       100%        4
 Sticky Flame             Fire/Alch      0%         2d4       100%        4
 Summon Lightning Spire   Summ/Air       0%         N/A       100%        4
 Alistair's Intoxication  Alch           0%         N/A       100%        5
 Borgnjor's Vile Clutch   Necr/Erth      0%         N/A       100%        5
 Fireball                 Conj/Fire      0%         3d3       100%        5
 Iskenderun's Battlesphe  Conj           0%         2d6       100%        5
 Lee's Rapid Deconstruct  Erth           0%         3d4*      100%        5
 Silence                  Hex/Air        0%         N/A       100%        5
 Summon Forest            Summ/Tloc      1%         N/A       100%        5
 Yara's Violent Unravell  Hex/Alch       0%         3d3       100%        5
 Bombard                  Conj/Erth      0%         9d1       100%        6
 Conjure Ball Lightning   Conj/Air       0%         3x3d6     100%        6
 Death Channel            Necr           0%         N/A       100%        6
 Summon Cactus Giant      Summ           0%         N/A       100%        6
 Enfeeble                 Hex            0%         N/A       100%        7
 Orb of Destruction       Conj           0%         9d5       100%        7
 Spellforged Servitor     Conj/Summ      0%         N/A       100%        7
 Lehudib's Crystal Spear  Conj/Erth      0%         10d2      100%        8
 Chain Lightning          Conj/Air       0%         N/A       100%        9
 Fire Storm               Conj/Fire      0%         5d1       100%        9
 Shatter                  Erth           0%         3d5*      100%        9
 Animate Armour           Summ/Erth      Unusable   N/A       N/A         4
 Animate Dead             Necr           Unusable   N/A       N/A         4

Dungeon Overview and Level Annotations

Branches:
Dungeon (15/15)            Temple (1/1) D:7            Lair (5/5) D:10
  Swamp (4/4) Lair:3        Snake (4/4) Lair:3        Slime (0/5) Lair:4
    Orc (2/2) D:11            Elf (0/3) Orc:2        Vaults (2/5) D:13
 Depths (0/4) D:15        Desolation (visited)      Gauntlet (visited)
  Crypt: Vaults:2-3

Altars:
Ashenzari
Cheibriados
Dithmenos
Elyvilon
Fedhas
Gozag
Hepliaklqana
Kikubaaqudgha
Makhleb
Nemelex Xobeh
Okawaru
Qazlal
Ru
Sif Muna
Trog
Uskayaw
Vehumet
Wu Jian
Xom
Yredelemnul
Zin
The Shining One

Shops:
D:10 *   D:13 !   Orc:2 *==   Snake:4 [

Portals:
Trove: D:14 (give 3 potions of resistance)

Annotations:
D:3 2 transporters, Fractals's ghost, amateur HOFi
D:5 2 transporters, IdlyInterested's ghost, amateur DsFi
D:13 2 transporters, croobank's ghost, journeyman DgFE
D:15 1 runed translucent door, Bekuax's ghost, journeyman DgAl
Lair:4 exclusion: oklob plant
Swamp:3 3 runed translucent doors, Mett's ghost, journeyman MfSh; Naistiu's ghost, adept DESu; Okkeon's ghost, adept MfBe; Vioczuc's ghost, adept TrCK
Vaults:2 Saint Roka


Innate Abilities, Weirdness & Mutations

You are a creature with a mouth for a stomach.
Your midsection houses a second, enormous mouth.
You can breathe blasts of scalding, opaque steam.
Your pale cyan-grey scales are hard. (AC +10)
You cannot fit into any form of body armour.
You are cold-blooded and may be slowed by cold attacks.
You are immune to the effects of steam.


Message History

You completely miss the orc knight.
You tail-slap the orc knight, but do no damage.
Your bite misses the orc knight.
The orc knight is severely wounded.
Saint Roka invokes the aid of Beogh against you.
Beogh smites you!
* * * LOW HITPOINT WARNING * * *
You feel much better. You block the orc knight's attack.
Saint Roka calls down the wrath of Beogh upon you.
Beogh smites you!
* * * LOW HITPOINT WARNING * * *
Unknown command.
Unknown command.
You hit the orc knight. You tail-slap the orc knight. You bite the orc knight!
The orc knight is almost dead.
You block the orc knight's attack.
You hit the orc knight but do no damage.
You tail-slap the orc knight, but do no damage.
Your bite misses the orc knight.
The orc knight is almost dead.
Saint Roka calls down the wrath of Beogh upon you.
Beogh smites you!
* * * LOW HITPOINT WARNING * * *
You closely miss the orc knight. Your bite misses the orc knight.
The orc knight is almost dead.
You block the orc knight's attack.
Unknown command.
You hit the orc knight.
You kill the orc knight!
Saint Roka no longer looks unusually strong.
Saint Roka invokes the aid of Beogh against you.
Beogh smites you!
* * * LOW HITPOINT WARNING * * *
As you read the scroll of fear, it crumbles to dust.
You assume a fearsome visage.
Saint Roka easily resists.
Saint Roka invokes the aid of Beogh against you.
Beogh smites you!
You die...
Saint Roka roars, "Praise to Beogh!"
Your body crumbles into a pile of gold.

########.........##########....#
.................'........#....##
###..............#........#....'.
..#####'##.......#........#.$..##
.§#§§§...#.......#$.......#$$..##
.§§§§§§§§#.......$........#....##
.§#§§§§.§#......$#$.......#$$..#
..#§..§[§#.......#........#....#
..#§§)§§§#......W#........#....#
###§§.§.§#......$##########....#
#§§§§..#.......$....... .....#
####§#####........$............#
...§§# .......................#
.....# .......................#
.....# ........o.........(....#
.....# ....................^.#
.....# ................


You could see Saint Roka.

Vanquished Creatures
  Nikola (Swamp:2)
  Jorgrun (Swamp:3)
  Mlioglotl (Swamp:1)
  A sphinx (Vaults:1)
  Frances (D:13)
  Kirke (Lair:3)
  7 nagarajas
  A fire giant (D:15)
  An imperial myrmidon (Vaults:2)
  4 vault wardens (Vaults:1)
  Louise (Swamp:3)
  An orc warlord (Vaults:2)
  6 ironbound preservers
  12 dire elephants
  4 ironbound thunderhulks (Vaults:1)
  An eleionoma (Swamp:3)
  3 bunyips
  A minotaur (Gauntlet)
  A halazid warlock (Desolation)
  An eidolon (Vaults:2)
  An entropy weaver (Vaults:1)
  4 fire dragons
  Harold (D:9)
  2 great orbs of eyes (Vaults:1)
  Fannar (Lair:3)
  A vault guard (Vaults:1)
  A servant of whispers (Desolation)
  3 ghost crabs
  2 yaktaur captains (Vaults:1)
  Erolcha (Orc:2)
  3 salamander tyrants
  19 hydras
  3 peacekeepers (Desolation)
  3 ironbound frosthearts
  4 boulder beetles
  8 anacondas
  3 two-headed ogres
  6 death knights
  4 centaur warriors
  2 catoblepae (Lair:5)
  9 alligators
  7 death yaks
  20 naga warriors
  5 shock serpents
  A tengu warrior (D:15)
  12 naga sharpshooters
  An orc high priest (Orc:1)
  2 skysharks
  4 salamander mystics
  6 skeletal warriors
  5 swamp dragons
  3 spriggan druids
  12 deep trolls
  5 naga ritualists
  6 goliath frogs
  3 bog bodies
  7 ironbound convokers
  8 lindwurms
  A tengu zombie (Vaults:2)
  5 orc sorcerers
  3 arcanists
  3 deep elf pyromancers
  8 mana vipers
  2 necromancers
  23 ugly things
  8 orc knights
  5 harpies (Vaults:2)
  2 cyclopes
  42 black mambas
  4 kobold blastminers (Orc:2)
  18 salamanders
  14 elephants
  6 manticores
  11 will-o-the-wisps
  2 molten gargoyles (Desolation)
  8 vault sentinels
  7 guardian serpents
  12 cane toads
  17 naga magi
  A gargoyle (D:12)
  8 torpor snails (Lair:5)
  8 komodo dragons
  4 rime drakes
  A kobold demonologist (D:13)
  2 efreet (D:14)
  An unseen horror (D:12)
  16 yaktaurs
  An ice devil (Gauntlet)
  2 tormentors (D:14)
  A bloated husk (Swamp:3)
  4 polar bears
  6 trolls
  12 blink frogs
  18 saltlings
  14 hornets
  19 tyrant leeches
  A culicivora (Vaults:1)
  4 slime creatures
  12 spriggans
  A centaur simulacrum (D:14)
  5 wyverns
  2 shadows
  3 wraiths
  A yak (shapeshifter) (D:15)
  44 yaks
  8 basilisks
  A hog (Lair:3)
  A steam dragon (D:6)
  4 wargs
  10 vampire mosquitoes
  2 redbacks (Vaults:1)
  22 water moccasins
  A glowing shapeshifter skeleton (Vaults:2)
  39 nagas
  16 swamp worms
  2 acid dragons
  28 orc warriors
  2 black bears
  9 ogres
  8 swamp drakes (Swamp:4)
  A boggart (Vaults:1)
  25 centaurs
  16 wolves
  3 kobold brigands
  A scorpion (D:4)
  7 bullfrogs
  3 gnoll sergeants
  An entropy weaver simulacrum (Vaults:2)
  3 wights (D:7)
  7 killer bees
  5 electric eels
  10 howler monkeys
  2 lava snakes (Swamp:4)
  6 jellies (D:5)
  13 orc priests
  An iguana (D:5)
  A gnoll bouda (D:8)
  A sleepcap (D:7)
  4 hell rats (Lair:4)
  13 orc wizards
  17 gnolls
  7 adders
  A shadow imp (Gauntlet)
  5 white imps (Gauntlet)
  3 worms
  48 orcs
  6 bats
  5 endoplasms
  7 giant cockroaches
  3 goblins
  9 hobgoblins
  5 jackals
  6 quokkas
  8 ball pythons
  2 frilled lizards (D:3)
  15 kobolds
  5 rats
1058 creatures vanquished.

Vanquished Creatures (others)
  A hydra (Swamp:4)
  An alligator (Swamp:2)
  A swamp dragon (Swamp:4)
  A lindwurm (Swamp:4)
  A salamander (Snake:2)
  A molten gargoyle (Desolation)
  A bloated husk (Swamp:4)
  A human (Lair:3)
  3 swamp drakes (Swamp:4)
  57 foxfires
68 creatures vanquished.

Grand Total: 1126 creatures vanquished

Notes
Turn   | Place    | Note
-------+----------+-------------------------------------------
     0 | D:1      | Aldia the Draconian Shapeshifter began the quest for the
                  | Orb.
     0 | D:1      | Reached XP level 1. HP: 16/16 MP: 1/1
   128 | D:1      | Reached XP level 2. HP: 23/23 MP: 2/2
   221 | D:1      | Found a faded altar of an unknown god.
   294 | D:1      | Got Plato's Atlas of the Spider
   606 | D:2      | Reached XP level 3. HP: 29/29 MP: 3/3
   648 | D:2      | Reached skill level 2 in Fighting
   855 | D:2      | Reached XP level 4. HP: 33/36 MP: 4/4
  1364 | D:3      | Learned a level 2 spell: Blink
  1449 | D:3      | Found a transporter.
  1451 | D:3      | Noticed Fractals's ghost (amateur HOFi)
  1452 | D:3      | Found a transporter.
  1888 | D:4      | Noticed a black bear
  1897 | D:4      | Killed a black bear
  1898 | D:4      | Reached XP level 5. HP: 44/44 MP: 5/5
  1964 | D:4      | Noticed an ogre
  1982 | D:4      | Killed an ogre
  1983 | D:4      | Reached skill level 3 in Fighting
  1983 | D:4      | Reached XP level 6. HP: 9/51 MP: 6/6
  2185 | D:4      | Reached skill level 5 in Unarmed Combat
  2728 | D:5      | Entered Level 5 of the Dungeon
  2805 | D:5      | Noticed a two-headed ogre
  2807 | D:5      | Noticed IdlyInterested's ghost (amateur DsFi)
  2812 | D:5      | Found a transporter.
  2849 | D:6      | Noticed a steam dragon
  2871 | D:5      | Your scales start taking on a pale cyan-grey colour.
  2871 | D:5      | Reached XP level 7. HP: 50/57 MP: 7/7
  2871 | D:5      | Gained mutation: You are immune to the effects of steam.
                  | [Pale Draconian growth]
  3230 | D:5      | Found a transporter.
  3241 | D:5      | Reached skill level 4 in Fighting
  3517 | D:6      | Killed a steam dragon
  3801 | D:6      | Noticed a yak
  3803 | D:6      | Noticed a yak
  3803 | D:6      | Noticed a yak
  3803 | D:6      | Noticed a yak
  3808 | D:6      | Noticed a yak
  3835 | D:6      | Killed a yak
  3836 | D:6      | Reached XP level 8. HP: 65/67 MP: 8/8
  3841 | D:6      | Reached skill level 5 in Shapeshifting
  3849 | D:6      | Reached skill level 5 in Fighting
  3873 | D:6      | Reached skill level 5 in Dodging
  4044 | D:6      | Reached XP level 9. HP: 65/75 MP: 9/9
  4382 | D:7      | Found a staircase to the Ecumenical Temple.
  4418 | D:7      | Reached skill level 6 in Fighting
  4474 | Temple   | Entered the Ecumenical Temple
  4484 | Temple   | Became a worshipper of Gozag Ym Sagoz the Greedy
  5577 | D:8      | Found a sparkling altar of Nemelex Xobeh.
  5581 | D:8      | Found a shadowy altar of Dithmenos.
  5582 | D:8      | Found a broken altar of Ashenzari.
  5582 | D:8      | Found a hazy altar of Hepliaklqana.
  6396 | D:9      | Noticed a kobold demonologist
  6397 | D:9      | Noticed a kobold demonologist
  6397 | D:9      | Noticed a kobold demonologist
  6452 | D:8      | Upgraded the game from 0.31-a0-1370-gf52a5a9ab3 to
                  | 0.31-a0-1388-g4b2ba238e7
  6512 | D:9      | Learned a level 1 spell: Apportation
  6527 | D:9      | Noticed a two-headed ogre
  6744 | D:9      | Reached skill level 7 in Fighting
  6773 | D:9      | Reached skill level 10 in Unarmed Combat
  6831 | D:9      | Reached XP level 10. HP: 82/86 MP: 10/10
  7187 | D:9      | Noticed Harold
  7205 | D:9      | Killed Harold
  7298 | D:9      | Killed a two-headed ogre
  7299 | D:9      | Reached skill level 8 in Fighting
  7299 | D:9      | Reached skill level 1 in Translocations
  7782 | D:10     | Entered Level 10 of the Dungeon
  7935 | D:10     | Found Xaasmiwk's Serpentskin Sales.
  8264 | D:10     | Found a staircase to the Lair.
  8582 | Lair:1   | Entered Level 1 of the Lair of Beasts
  8582 | Lair:1   | Noticed a cane toad
  8582 | Lair:1   | Noticed a black mamba
  8595 | D:10     | Killed a cane toad
  8605 | D:10     | Killed a black mamba
  8606 | D:10     | Reached XP level 11. HP: 76/95 MP: 11/11
  8713 | Lair:1   | Noticed a death yak
  8713 | Lair:1   | Noticed a death yak
  8736 | Lair:1   | Noticed a death yak
  8785 | D:10     | Killed a death yak
  8786 | D:10     | Reached skill level 9 in Fighting
  8830 | Lair:1   | Noticed a death yak
  8830 | Lair:1   | Noticed a death yak
  8831 | Lair:1   | Noticed a death yak
  8838 | D:10     | Killed a death yak
  8902 | D:9      | Killed a death yak
  8924 | D:10     | Killed a death yak
  8961 | Lair:1   | Killed a death yak
  8962 | Lair:1   | Reached skill level 1 in Spellcasting
  9209 | Lair:1   | Killed a death yak
  9837 | Lair:2   | Reached skill level 5 in Translocations
  9862 | Lair:2   | Reached XP level 12. HP: 95/104 MP: 13/13
 10582 | Lair:2   | Noticed a four-headed hydra
 10589 | Lair:2   | Killed a four-headed hydra
 11737 | Lair:3   | You fall into a shaft and drop 2 floors!
 11737 | Lair:5   | Entered Level 5 of the Lair of Beasts
 11839 | Lair:5   | Found a gate leading to a gauntlet.
 11848 | Gauntlet | Entered a Gauntlet
 11848 | Gauntlet | Found a transporter.
 11858 | Gauntlet | Found a transporter.
 11869 | Gauntlet | Found a transporter.
 11872 | Gauntlet | Found a transporter.
 11884 | Gauntlet | Found a transporter.
 11899 | Gauntlet | Found a transporter.
 11906 | Gauntlet | Noticed a green death
 11908 | Gauntlet | Noticed a minotaur
 11910 | Gauntlet | Found a transporter.
 11917 | Gauntlet | Found a runed translucent gate.
 11917 | Gauntlet | Found a runed translucent gate.
 11917 | Gauntlet | Found a runed translucent gate.
 11921 | Gauntlet | Found a transporter.
 11926 | Gauntlet | Found a transporter.
 11926 | Gauntlet | Found a transporter.
 11954 | Gauntlet | Found a transporter.
 11954 | Gauntlet | Found a transporter.
 12007 | Gauntlet | Found a transporter.
 12021 | Gauntlet | Found a transporter.
 12173 | Gauntlet | Identified the +1 hat "Qeh Soxo" {rPois rC+ Will++ Str-4}
 12208 | Gauntlet | Reached skill level 10 in Fighting
 12243 | Gauntlet | Killed a minotaur
 12252 | Gauntlet | Identified the staff of Dissent {^Fragile rF+ rC+ Conj Tloc
                  | Fire Ice}
 12253 | Gauntlet | Got the Directory of Nihilism
 12339 | Lair:5   | Reached skill level 10 in Shapeshifting
 12392 | Lair:4   | Found a staircase to the Slime Pits.
 12448 | Lair:3   | Found a staircase to the Swamp.
 12454 | Lair:3   | Reached XP level 13. HP: 113/113 MP: 14/14
 12465 | Lair:3   | Reached skill level 1 in Evocations
 12587 | Lair:3   | Found a staircase to the Snake Pit.
 12601 | Lair:3   | Noticed Kirke
 12613 | Lair:3   | Killed Kirke
 12614 | Lair:3   | Reached skill level 15 in Unarmed Combat
 12766 | Lair:3   | Noticed Fannar
 12779 | Lair:3   | Killed Fannar
 13522 | Lair:4   | Reached skill level 11 in Fighting
 14152 | Lair:5   | Reached XP level 14. HP: 66/124 MP: 15/15
 14456 | Lair:5   | Identified the ring "Haowih" {*Corrode rPois MP+9 EV+5
                  | Str+2}
 14467 | Lair:5   | Reached skill level 5 in Evocations
 14552 | Lair:5   | Reached skill level 12 in Fighting
 14582 | Lair:5   | Learned a level 4 spell: Passage of Golubria
 15097 | Lair:5   | Reached XP level 15. HP: 99/133 MP: 16/16
 16217 | D:11     | Found a staircase to the Orcish Mines.
 16363 | D:12     | Reached skill level 10 in Dodging
 16537 | D:12     | Found a broken altar of Ashenzari.
 17037 | Orc:1    | Entered Level 1 of the Orcish Mines
 17158 | Orc:2    | Entered Level 2 of the Orcish Mines
 17249 | Orc:1    | Reached skill level 13 in Fighting
 17622 | Orc:2    | Found a staircase to the Elven Halls.
 17759 | Orc:2    | Found Bacicate's Jewellery Boutique.
 17760 | Orc:2    | Found Quhuolywkam's General Store.
 17761 | Orc:2    | Found Zun Qagho's Jewellery Shop.
 17776 | Orc:2    | Noticed Erolcha
 17803 | Orc:2    | Killed Erolcha
 17864 | Orc:2    | Bought the ring of Sojatad {EV+5 Dex+5 SInv Stlth+} for 786
                  | gold pieces
 17872 | Orc:2    | Bought a scroll of fog for 52 gold pieces
 17872 | Orc:2    | Bought a potion of attraction for 39 gold pieces
 17878 | Orc:2    | Bought a scroll of identify for 26 gold pieces
 17975 | Orc:2    | Found Liadi Xas's Distillery.
 18624 | D:13     | Noticed croobank's ghost (journeyman DgFE)
 18625 | D:13     | Found a transporter.
 18625 | D:13     | Noticed a fire giant
 18629 | D:13     | Found a transporter.
 18860 | D:13     | Found a gate to the Vaults.
 19034 | D:13     | Noticed Frances
 19040 | D:13     | Killed Frances
 19131 | D:13     | You fall into a shaft and drop 2 floors!
 19131 | D:15     | Entered Level 15 of the Dungeon
 19276 | D:14     | Found a portal to a secret trove of treasure.
 19593 | D:13     | Bought a potion of might for 56 gold pieces
 19593 | D:13     | Bought a potion of curing for 42 gold pieces
 19630 | D:14     | Reached skill level 14 in Fighting
 19736 | D:14     | Found an ancient bone altar of Kikubaaqudgha.
 20099 | D:14     | Reached XP level 16. HP: 16/146 MP: 17/17
 20275 | D:14     | Identified a scroll of acquirement
 20276 | D:14     | Acquired the +3 pair of boots of the Dungeon {rF+ Int-5
                  | Stlth+}
 20317 | D:14     | Identified the +3 ring mail of Grot {rN+ Int+3}
 20499 | D:14     | Upgraded the game from 0.31-a0-1388-g4b2ba238e7 to
                  | 0.31-a0-1405-g2bb1a01664
 20726 | Orc:2    | Bought the +8 lance "Wyrmbane" {slay drac, rPois rF+ rC+
                  | AC+3} for 1050 gold pieces
 20726 | Orc:2    | Found the +8 lance "Wyrmbane" {slay drac, rPois rF+ rC+
                  | AC+3}
 21253 | D:15     | Found a runed translucent door.
 21254 | D:15     | Found a shimmering altar of Xom.
 21254 | D:15     | Noticed Bekuax's ghost (journeyman DgAl)
 21268 | D:15     | Reached skill level 1 in Polearms
 21268 | D:15     | Reached skill level 1 in Shields
 21296 | D:15     | Found a hide-covered altar of Uskayaw.
 21567 | D:15     | Found a staircase to the Depths.
 22191 | Snake:1  | Entered Level 1 of the Snake Pit
 22239 | Snake:1  | Found a shimmering altar of Xom.
 22439 | Snake:1  | Reached skill level 15 in Fighting
 22443 | Snake:1  | Reached skill level 5 in Polearms
 24416 | Snake:2  | Found a sacrificial altar of Ru.
 25210 | Snake:3  | Identified the -1 cloak of Dotaxkemp {Stlth+}
 25306 | Snake:2  | Reached XP level 17. HP: 128/157 MP: 18/18
 25715 | Snake:3  | Reached skill level 16 in Fighting
 26234 | Snake:4  | Entered Level 4 of the Snake Pit
 26618 | Snake:4  | Reached skill level 10 in Polearms
 26715 | Snake:4  | Found Lyjum's Armour Boutique.
 27284 | Snake:4  | Got a serpentine rune of Zot
 27888 | Snake:4  | Got the Excursus on Wanderlust
 28024 | Snake:4  | Bought the +1 pair of boots of Dogma {*Slow rElec Str+7}
                  | for 456 gold pieces
 28192 | Swamp:1  | Entered Level 1 of the Swamp
 28423 | Swamp:1  | Noticed Mlioglotl
 28470 | Swamp:1  | Killed Mlioglotl
 28768 | Swamp:1  | Reached skill level 17 in Fighting
 29226 | Swamp:2  | Reached XP level 18. HP: 152/169 MP: 19/19
 29658 | Swamp:2  | HP: 1/170 [spriggan rider/+0 spear (24)]
 29848 | Swamp:2  | Noticed Nikola
 29957 | Swamp:2  | Killed Nikola
 29958 | Swamp:2  | Reached skill level 5 in Shields
 30249 | Swamp:3  | Identified the +5 tower shield "Qovutay" {^Drain rPois
                  | Int+4 Stlth+}
 30249 | Swamp:3  | Noticed Louise
 30314 | Swamp:3  | Noticed Jorgrun
 30447 | Swamp:3  | Killed Jorgrun
 30467 | Swamp:3  | Found a runed translucent gate.
 30468 | Swamp:3  | Found a runed translucent gate.
 30495 | Swamp:3  | Found a runed translucent gate.
 30713 | Swamp:3  | Killed Louise
 31022 | Swamp:3  | Noticed Mett's ghost (journeyman MfSh)
 31023 | Swamp:3  | Noticed Mett's ghost (journeyman MfSh)
 31023 | Swamp:3  | Noticed Naistiu's ghost (adept DESu)
 31024 | Swamp:3  | Noticed Vioczuc's ghost (adept TrCK)
 31024 | Swamp:3  | Noticed Okkeon's ghost (adept MfBe)
 31049 | Swamp:4  | Entered Level 4 of the Swamp
 31607 | Swamp:4  | Got a decaying rune of Zot
 31679 | Swamp:4  | Reached skill level 18 in Fighting
 32153 | Vaults:1 | Entered Level 1 of the Vaults
 32574 | Vaults:1 | Reached skill level 10 in Shields
 33232 | Vaults:1 | Reached XP level 19. HP: 181/181 MP: 20/20
 34157 | Vaults:2 | Reached skill level 19 in Fighting
 34207 | Vaults:2 | Acquired 597 gold pieces
 34651 | Vaults:2 | Noticed Saint Roka
 34707 | Vaults:2 | Found a crumbling gateway.
 34747 | Desolati | Entered the Desolation of Salt
 34896 | Desolati | Identified the ring "Suqevih" {Fly Int+2}
 35601 | Vaults:2 | HP: 2/170 [Saint Roka/divine providence (10)]
 35607 | Vaults:2 | HP: 2/170 [Saint Roka/divine providence (10)]
 35608 | Vaults:2 | Killed from afar by Saint Roka

Illustrated notes

Levels and vault maps discovered:
D:1:      tarquinn_simple_flora_water_a, layout_basic,
          shapermc_ecumenical_altar_rom_forum
D:2:      layout_basic, minmay_small_reverse_x
D:3:      layout_rooms, gammafunk_ghost_mausoleum, grunt_decor_arrowhead
D:4:      layout_loops_cross
D:5:      layout_cave_pools, gammafunk_ghost_arena, feat_on_display
D:6:      layout_gridville
D:7:      layout_basic, temple_doors_e
D:8:      layout_layer_cave, grunt_temple_overflow_open
D:9:      layout_basic, corexii_leaking_fountain, minmay_misc_feat_cross,
          uniq_harold
D:10:     layout_gridville, dpeg_oklobed_lair, guppyfry_shop_venom
D:11:     layout_cross, orc_0_dummy
D:12:     kennysheep_six_static_rooms, layout_basic, ashenzari_altar_1
D:13:     layout_irregular_city, skrybe_vaults_entry_preservation,
          gammafunk_ghost_arena, uniq_frances
D:14:     cheibrodos_tormentor_scu, layout_loops_ring, enter_trove_0,
          kiku_gazebo_garden_becter, kennysheep_potato
D:15:     grunt_enter_depths_giant_problem, layout_gridville, basic_altar,
          ebering_ghost_xom
Temple:   compressed_dpeg_circular_temple
Lair:1:   layout_big_grid, serial_bayou_lagoon_b, lemuel_fruit_tree
Lair:2:   layout_layer_cave, wad_woods_02
Lair:3:   layout_chaotic_city, minmay_swamp_entry_worms,
          minmay_snake_entry_six_corridors, uniq_fannar, uniq_kirke
Lair:4:   layout_cave_pods, slime_entry_1, st_stairs_10, grunt_megastairs_1,
          serial_bayou_shore_a
Lair:5:   wormcave, layout_cave_pods, hangedman_lair_in_review,
          gauntlet_entry_generic
Swamp:1:  layout_basic_swamp, evilmike_swamp_ruin_wall, uniq_mlioglotl
Swamp:2:  layout_falls_marsh, nicolae_swamp_well_well_well,
          nicolae_swamp_tree_isthmus, uniq_nikola
Swamp:3:  layout_falls_marsh, gammafunk_ghost_cemetery, serial_swamp_ruin,
          evilmike_swamp_ruin_house_1, evilmike_swamp_ruin_house_2,
          evilmike_swamp_ruin_house_3, swamp_pool_1_2, uniq_louise, uniq_jorgrun
Swamp:4:  swamp_fiery, layout_basic_swamp, infiniplex_staircase_pool
Snake:1:  layout_layer_cave, basic_altar, nicolae_snake_round_shape_thing
Snake:2:  layout_misc_corridors, basic_altar, abandoned_shop,
          nicolae_triple_integral
Snake:3:  layout_grid_shapes, drop_trap, eino_curves_03, guppyfry_library_mini
Snake:4:  snake_pit, layout_cave_town, serial_shops, shop, drop_trap,
          grunt_megastairs_2
Orc:1:    layout_caves
Orc:2:    st_orc_rangers, layout_diamond_mine, serial_shops,
          nicolae_shop_industrial_runoff, uniq_erolcha
Vaults:1: nicolae_vaults_sightless_eye, nicolae_vaults_tetromino_L_2, v_misc_25,
          v_rooms_1, hangedman_vaults_capsules, vaults_dpeg_doors, v_misc_11,
          nicolae_vaults_two_Ls, nicolae_vaults_know_your_exits,
          vaults_room_stairs_pillars, v_misc_17, nicolae_vaults_border_crossing,
          layout_vaults_ring
Vaults:2: portal_desolation_entry_salt, ontoclasm_vaults_twist,
          minmay_crypt_entry_simple_plaza, nicolae_vaults_security_offices_1,
          v_misc_17, nicolae_vaults_tangram_1, nicolae_vaults_mitosis,
          grunt_vaults_funnel, vaults_room_pools, layout_vaults_big_room,
          serial_shops, shop_coins, uniq_saint_roka

Skill      XL: |  1  2  3  4  5  6  7  8  9 10 11 12 13 14 15 16 17 18 19 |
---------------+----------------------------------------------------------+-----
Dodging        | 2 3 4 5 6 7 9 11 13 14 | 14.0
Fighting       | 2 3 4 5 7 8 9 10 11 12 14 15 17 18 19 | 19.4
Unarmed Combat | 4 5 6 8 10 11 13 14 16 | 16.0
Shapeshifting  | 4 5 6 7 9 10 12 | 12.0
Translocations | 3 5 |  5.0
Spellcasting   | 1 |  1.0
Evocations     | 4 5 8 |  8.0
Polearms       | 8 12 | 12.0
Shields        | 1 3 10 13 | 13.2

Action                     |  1- 3 |  4- 6 |  7- 9 | 10-12 | 13-15 | 16-18 | 19-21 || total
---------------------------+-------+-------+-------+-------+-------+-------+-------++-------
  Melee: Unarmed           |   124 |   133 |   278 |   637 |   797 |   777 |       ||  2746
         Tailslap          |    13 |     8 |    55 |   124 |   164 |   409 |   171 ||   944
         Punch             |     1 |     2 |     2 |     2 |    89 |   118 |       ||   214
         Lance             |       |       |       |       |       |  1228 |   649 ||  1877
         Maw               |       |       |       |       |       |   463 |   307 ||   770
   Cast: Blink             |       |       |       |     3 |       |       |       ||     3
 Invoke: Call Merchant     |       |       |       |       |     1 |       |       ||     1
         Potion Petition   |       |       |       |       |       |     3 |     3 ||     6
  Evoke: Wand              |       |       |       |     1 |     3 |     7 |    10 ||    21
    Use: Scroll            |       |     6 |    12 |     6 |    10 |    19 |    10 ||    63
         Potion            |       |     2 |     2 |     3 |     7 |     6 |     6 ||    26
   Stab: Sleeping          |       |       |     1 |       |     2 |    18 |     7 ||    28
         Invisible         |       |       |     5 |     2 |       |     3 |     2 ||    12
         Distracted        |       |       |       |     1 |     5 |    16 |     2 ||    24
         Petrified         |       |       |       |       |     7 |       |       ||     7
 Armour: Skin              |    65 |    50 |    80 |   241 |   352 |   791 |   232 ||  1811
  Dodge: Dodged            |    94 |    76 |   188 |   585 |   666 |  1523 |   394 ||  3526
  Block: Buckler           |       |       |       |       |       |   118 |       ||   118
         Kite shield       |       |       |       |       |       |   226 |   450 ||   676
   Form: Flux              |       |       |     2 |     1 |       |       |       ||     3
         Beast             |       |       |     1 |       |       |       |       ||     1
         Maw               |       |       |       |     1 |       |     2 |       ||     3
         Blade             |       |       |       |     2 |       |     1 |       ||     3
         Serpent           |       |       |       |     1 |       |       |       ||     1

Table legend: (Time is in decaauts)
 A = Elapsed time spent in this place.
 B = Non-inter-level travel time spent in this place.
 C = Inter-level travel time spent in this place.
 D = Time resting spent in this place.
 E = Time spent auto-exploring this place.
 F = Levels seen in this place.
 G = Mean time per level.
                   A        B        C        D        E       F      G
               +--------+--------+--------+--------+--------+-----+--------+
         Total |  34207 |  31200 |   3007 |   1513 |  21103 |  35 |  977.3 |
       Dungeon |  13391 |  12109 |   1282 |    467 |   8748 |  15 |  892.7 |
        Temple |     17 |     11 |      6 |      0 |      0 |   1 |   17.0 |
          Lair |   6939 |   6129 |    810 |    106 |   4694 |   5 | 1387.8 |
         Swamp |   3359 |   3223 |    136 |    261 |   1886 |   4 |  839.8 |
     Snake Pit |   5532 |   5058 |    474 |    275 |   3268 |   4 | 1383.0 |
  Orcish Mines |   1579 |   1346 |    233 |      0 |   1051 |   2 |  789.5 |
        Vaults |   2563 |   2500 |     63 |    323 |   1188 |   2 | 1281.5 |
    Desolation |    369 |    369 |      0 |     81 |      0 |   1 |  369.0 |
      Gauntlet |    455 |    455 |      0 |      0 |    267 |   1 |  455.0 |
               +--------+--------+--------+--------+--------+-----+--------+

Top non-repeatable levels by time:
Vaults:1: 1775 daAuts
  Lair:2: 1743 daAuts
  Lair:5: 1710 daAuts
 Snake:4: 1637 daAuts
     D:9: 1383 daAuts
 Snake:1: 1361 daAuts
 Snake:2: 1339 daAuts
    D:14: 1296 daAuts
     D:8: 1280 daAuts
    D:13: 1226 daAuts
 Snake:3: 1193 daAuts
  Lair:4: 1182 daAuts
  Lair:3: 1174 daAuts
   Orc:2: 1135 daAuts
  Lair:1: 1128 daAuts
